cohdb
Replays
Latest Replays
All Replays
Popular Replays
Top Player Replays
Match Explorer
How It Works
Community
CoH3 Stats
Reddit
Sign in to upload your games and track your stats! →
Sign in with Steam
Match 46449232
Unlisted
Match 46449232
Overview
Messages
Build Orders
End
Pioneer Squad
Construct Infanterie Kompanie
Grenadier Squad
Selects Breakthrough Battlegroup
Selects Assault Grenadiers
Grenadier Squad
MG 42 Machine Gun Team
Grenadier Squad
Construct Luftwaffe Kompanie
Flak 30 Anti-aircraft Gun Team
Infanterie Officer Quarters
Support Elements
MG 42 Machine Gun Team
Selects Rapid Production
Selects Blitzkrieg
Marder III M Tank Destroyer
Marder III M Tank Destroyer
UMirinBrah?
RoyalHants
0
0
Comments
sign in to comment!
No comments posted yet!